 Dungeon Crawl Stone Soup version 0.28.0-1-gb440e238dd (webtiles) character file.

Game seed: 13690130596989355893

119 DoubleLucky the Firebug (level 5, -4/28 HPs)
             Began as a Tengu Fire Elementalist on Feb 20, 2022.
             Killed by divine providence
             ... invoked by an orc priest
              (14 damage)
             ... on level 3 of the Dungeon.
             The game lasted 00:16:45 (3470 turns).

DoubleLucky the Firebug (Tengu Fire Elementalist)   Turns: 3470, Time: 00:16:46

Health: -4/28      AC:  2    Str: 10    XL:     5   Next: 3%
Magic:  1/11       EV: 14    Int: 16    God:
Gold:   119        SH:  0    Dex: 14    Spells: 1/10 levels left

rFire   . . .      SeeInvis .   b - +0 dagger
rCold   . . .      Faith    .   (no shield)
rNeg    . . .      Spirit   .   a - +0 robe
rPois   .          Reflect  .   m - +0 hat
rElec   .          Harm     .   (no cloak)
rCorr   .          Rampage  .   (no gloves)
Will    .....                   (boots unavailable)
Stlth   ++........              (no amulet)
HPRegen 0.09/turn               (no ring)
MPRegen 0.12/turn               (no ring)

@: flying quickly and evasively, quick
A: beak, talons 3, nimble flight
a: no special abilities


You were on level 3 of the Dungeon.
You visited 1 branch of the dungeon, and saw 3 of its levels.

You collected 119 gold pieces.

Inventory:

Hand Weapons
 b - a +0 dagger (weapon)
 k - a +0 trident
 l - a +2 spear of venom
Armour
 a - a +0 robe (worn)
 m - a +0 hat (worn)
Wands
 i - a wand of iceblast (8)
Scrolls
 f - a scroll of magic mapping {unknown}
 g - a scroll of blinking {unknown}
 h - 4 scrolls of identify {unknown}
 n - a scroll of immolation {unknown}
Potions
 c - a potion of flight {unknown}
 d - a potion of cancellation {unknown}
 e - a potion of invisibility {unknown}
 j - a potion of brilliance {unknown}
 o - a potion of curing {unknown}


   Skills:
 - Level 2.1 Dodging
 - Level 2.0 Stealth
 + Level 3.3 Spellcasting
 + Level 1.4 Conjurations
 + Level 5.0 Fire Magic


You had one spell level left.
You knew the following spells:

 Your Spells              Type           Power      Damage    Failure   Level
a - Foxfire               Conj/Fire      52%        2x1d6     4%          1
b - Conjure Flame         Conj/Fire      13%        6-21      14%         3
c - Scorch                Fire           36%        2d7       3%          2
d - Inner Flame           Hex/Fire       10%        N/A       19%         3

Your spell library contained the following spells:

 Spells                   Type           Power      Damage    Failure   Level
 Flame Wave               Conj/Fire      13%        2d6       43%         4


Dungeon Overview and Level Annotations

Branches:
Dungeon (3/15)

Altars:


Innate Abilities, Weirdness & Mutations

You have a beak for a mouth.
You have claws for feet.
Your magical nature lets you fly swiftly and evasively.


Message History

The orc priest is moderately wounded.
The orc priest hits you with a +0 morningstar.
You hit the orc priest.
You claw the orc priest, but do no damage.
The orc priest is heavily wounded.
The foxfire hits the orc priest but does no damage.
The orc priest is heavily wounded.
The foxfire hits the orc priest but does no damage.
The orc priest is heavily wounded.
The foxfire hits the orc priest.
The orc priest is heavily wounded.
The orc priest misses you.
Casting: Foxfire (safe; 4% risk of failure)
Confirm with . or Enter, or press ? or * to list all spells.
You conjure some foxfire!
The orc priest barely misses you.
You hit the orc priest. Your kick misses the orc priest.
The orc priest is severely wounded.
The foxfire hits the orc priest but does no damage.
The orc priest is severely wounded.
The foxfire hits the orc priest but does no damage.
The orc priest is severely wounded.
The orc priest hits you with a +0 morningstar.
You hit the orc priest but do no damage.
You claw the orc priest, but do no damage.
The orc priest is severely wounded.
The orc priest hits you with a +0 morningstar!
The orc priest looks encouraged for a moment.
Casting: Foxfire (safe; 4% risk of failure)
Confirm with . or Enter, or press ? or * to list all spells.
You conjure some foxfire!
The foxfire hits the orc priest but does no damage.
The orc priest is heavily wounded.
The foxfire hits the orc priest but does no damage.
The orc priest is heavily wounded.
The orc priest begins to cast a cantrip, but forgets the words!
The orc priest miscasts a cantrip.
The orc priest calls down the wrath of Beogh upon you.
Beogh smites you!
Ouch! That really hurt!
You die...

#..........#
##.........#
#....##o###
...#.. #..#
..... ##.#
##... #.#
#.. #.## #.#
#..# #.@#
####


You could see an orc priest.

Vanquished Creatures
  4 adders
  A worm (D:2)
  3 dart slugs
  3 orcs
  7 ball pythons
  6 bats
  6 endoplasms
  3 giant cockroaches
  8 goblins
  7 hobgoblins
  2 jackals (D:3)
  A quokka (D:3)
  2 frilled lizards
  6 kobolds
  7 rats
66 creatures vanquished.

Vanquished Creatures (others)
  218 foxfires
218 creatures vanquished.

Grand Total: 284 creatures vanquished

Notes
Turn   | Place    | Note
-------+----------+-------------------------------------------
     0 | D:1      | DoubleLucky the Tengu Fire Elementalist began the quest for
                  | the Orb.
     0 | D:1      | Reached XP level 1. HP: 10/10 MP: 4/4
   215 | D:1      | Reached XP level 2. HP: 15/15 MP: 3/6
   517 | D:1      | Reached skill level 4 in Fire Magic
   810 | D:1      | Reached XP level 3. HP: 19/19 MP: 3/7
  1391 | D:2      | Learned a level 3 spell: Conjure Flame
  1411 | D:2      | Learned a level 2 spell: Scorch
  2409 | D:2      | Reached XP level 4. HP: 16/24 MP: 6/9
  3000 | D:2      | Learned a level 3 spell: Inner Flame
  3165 | D:3      | Found a faded altar of an unknown god.
  3397 | D:3      | Reached skill level 5 in Fire Magic
  3400 | D:3      | Gained mutation: Your magical nature lets you fly swiftly
                  | and evasively. [Tengu growth]
  3400 | D:3      | Reached XP level 5. HP: 28/28 MP: 2/11
  3470 | D:3      | Killed from afar by an orc priest

Illustrated notes

Levels and vault maps discovered:
D:1:      dpeg_arrival_boxorama, layout_basic, grunt_decor_clamped
D:2:      layout_basic
D:3:      layout_rooms, shapermc_ecumenical_altar_venn, grunt_ministairs_14

Skill      XL: |  1  2  3  4 |
---------------+-------------+-----
Fire Magic     | 4 5 |  5.0
Spellcasting   | 3 |  3.3
Dodging        | |  2.1
Stealth        | |  2.0
Conjurations   | |  1.4

Action                   |  1- 3 |  4- 6 || total
-------------------------+-------+-------++-------
Melee: Dagger            |    10 |     8 ||    18
       Kick              |     3 |     4 ||     7
 Cast: Foxfire           |    99 |    63 ||   162
Armor: Robe              |     3 |       ||     3
Dodge: Dodged            |     8 |     6 ||    14
